AoeStats
← Shredded_Pork

Arena

507505000Analyzed
4v4 RM · 13d ago on Sep 18, 2026· 53m 16s· 8 players
Game mode
Random Map
Map size
Large (8 player)
Population
200
Speed
Normal
Resources
Standard
Victory
Conquest
Starting age
Dark Age
Ending age
Imperial Age
RankedLock teamsTeams togetherTeam positionsShared explorationLock speedFull tech treeHidden civsTurbo modeCheats
Victory
Defeat
🇮🇳 Berbers · India
813
+6
🇨🇳 Teutons · China
719
+8
🇩🇪 Shu · Germany
691
+9
🇨🇳 Mongols · China
671
+10
🇪🇸 Mongols · Spain
657
-11
🇿🇦 Byzantines · South Africa
560
-9
🇪🇸 Bohemians · Spain
517
-8
🇹🇷 Dravidians · Türkiye
413
-5
Archaon el Elegido
10:06 Feudal Age
12:08 Double-Bit Axe
12:29 Horse Collar
15:44 Wheelbarrow
14:57 Loom
14:58 Town Watch
16:09 Gold Mining
21:27 Stone Mining
24:53 Castle Age
24:01 Padded Archer Armor
23:58 Fletching
27:19 Thumb Ring
27:10 Crossbowman
27:32 Elite Skirmisher
32:37 Bodkin Arrow
32:58 Leather Archer Armor
36:07 Imperial Age
35:44 Nomads
38:16 Conscription
38:24 Parthian Tactics
39:42 Elite Mangudai
sheldongriffinjohnson
11:52 Feudal Age
12:59 Double-Bit Axe
20:20 Castle Age
22:01 Pikeman
23:22 Wheelbarrow
22:37 Horse Collar
25:13 Light Cavalry
32:34 Imperial Age
33:42 Heavy Plow
35:04 Squires
35:50 Halberdier
36:15 Halberdier
37:40 Hussar
39:34 Fortified Wall
44:14 Conscription
44:20 Conscription
46:31 Hoardings
51:06 Cavalier
Wilson Winston
12:42 Feudal Age
17:36 Horse Collar
20:21 Double-Bit Axe
27:21 Castle Age
26:23 Scale Mail Armor
26:34 Forging
26:16 Fletching
26:34 Scale Mail Armor
27:20 Fletching
27:46 Forging
27:40 Padded Archer Armor
28:42 Wheelbarrow
29:27 Bow Saw
31:22 Chemistry
30:06 Treadmill Crane
31:39 Hand Cart
31:34 Squires
30:55 Pikeman
33:55 Wagenburg Tactics
34:57 Heavy Plow
36:26 Ballistics
36:04 Murder Holes
41:32 Imperial Age
40:17 Arson
40:55 Caravan
李靖
PraY2519
10:25 Feudal Age
14:54 Castle Age
14:08 Double-Bit Axe
14:25 Horse Collar
16:15 Loom
18:30 Loom
20:45 Heavy Plow
21:53 Bow Saw
22:09 Gold Mining
23:50 Wheelbarrow
25:08 Hand Cart
25:14 Hand Cart
25:03 Stone Mining
28:17 Gold Shaft Mining
28:18 Caravan
28:06 Crossbowman
28:51 Scale Mail Armor
29:01 Forging
28:41 Fletching
28:52 Padded Archer Armor
28:56 Arson
29:11 Squires
28:57 Gambesons
28:33 Pikeman
30:14 Thumb Ring
31:54 Town Watch
33:06 Leather Archer Armor
32:46 Bodkin Arrow
33:06 Chain Mail Armor
36:57 Imperial Age
37:10 Arbalester
37:12 Halberdier
38:25 Plate Mail Armor
38:25 Ring Archer Armor
37:56 Bracer
38:01 Bolt Magazine
37:22 Elite White Feather Guard
39:09 Siege Engineers
39:44 Ballistics
40:41 Coiled Serpent Array
41:44 Chemistry
40:32 Arrowslits
40:58 Masonry
42:15 Two-Man Saw
54:17 Hoardings
53:56 Scale Barding Armor
小闪酱
0:49 Loom
11:01 Feudal Age
20:46 Castle Age
19:49 Double-Bit Axe
19:45 Horse Collar
21:09 Gold Mining
21:09 Stone Mining
25:31 Bloodlines
25:21 Husbandry
25:29 Thumb Ring
31:50 Ballistics
30:58 Light Cavalry
35:05 Imperial Age
35:13 Heavy Plow
36:17 Conscription
36:31 Elite Steppe Lancer
37:21 Caravan
38:03 Forging
37:58 Scale Barding Armor
43:41 Iron Casting
43:26 Chain Barding Armor
44:31 Gold Shaft Mining
44:33 Stone Shaft Mining
46:38 Blast Furnace
51:42 Spies/Treason
Shredded_Pork
11:22 Feudal Age
11:57 Horse Collar
12:14 Double-Bit Axe
20:20 Castle Age
18:20 Stone Mining
19:49 Gold Mining
22:49 Bow Saw
32:15 Imperial Age
31:25 Wheelbarrow
31:29 Stone Shaft Mining
32:05 Forging
31:55 Scale Mail Armor
32:01 Scale Barding Armor
32:14 Heavy Plow
32:48 Ballistics
33:25 Hand Cart
34:02 Crop Rotation
34:35 Two-Man Saw
34:02 Squires
35:22 Conscription
35:25 Ironclad
34:30 Elite Teutonic Knight
34:37 Capped Ram
36:01 Iron Casting
35:42 Chain Mail Armor
38:28 Blast Furnace
37:49 Chain Barding Armor
37:23 Fletching
37:39 Padded Archer Armor
38:09 Plate Mail Armor
44:40 Bodkin Arrow
51:16 Spies/Treason
玛尔斯
11:07 Feudal Age
9:28 Loom
11:55 Double-Bit Axe
11:52 Horse Collar
18:52 Castle Age
19:10 Fletching
20:33 Stone Mining
22:36 Heavy Plow
22:47 Bow Saw
22:31 Gold Mining
25:12 Kasbah
25:11 Bodkin Arrow
32:04 Imperial Age
30:20 Padded Archer Armor
31:51 Gold Shaft Mining
31:57 Wheelbarrow
32:11 Thumb Ring
32:54 Bracer
32:20 Elite Camel Archer
33:55 Bloodlines
33:49 Husbandry
37:00 Chemistry
36:21 Ballistics
36:30 Conscription
37:48 Light Cavalry
39:27 Forging
39:24 Scale Barding Armor
45:29 Leather Archer Armor
50:36 Spies/Treason
53:10 Maghrebi Camels
Connection lost

Rejoining the realm…

Still unreachable

The connection could not be restored.

Session expired

The server has moved on; the page needs a fresh start.